 Dungeon Crawl Stone Soup version 0.25-a0-610-gd0df705f03 (webtiles) character file.

Game seed: 14285261692283984367, levelgen mode: deterministic

21 mopl the Skirmisher (level 2, -1/26 HPs)
             Began as a Centaur Fighter on Mar 16, 2020.
             Slain by a hobgoblin
             ... wielding a +0 club
              (5 damage)
             ... on level 1 of the Dungeon.
             The game lasted 00:00:42 (308 turns).

mopl the Skirmisher (Centaur Fighter)                Turns: 308, Time: 00:00:42

Health: -1/26      AC:  6    Str: 18    XL:     2   Next: 62%
Magic:  2/2        EV:  5    Int:  7    God:
Gold:   27         SH:  8    Dex:  8    Spells: 1/1 levels left

rFire    . . .     SeeInvis .   a - +0 trident
rCold    . . .     Gourm    .   c - +0 kite shield
rNeg     . . .     Faith    .   b - +0 scale mail
rPois    .         Spirit   .   (no helmet)
rElec    .         Reflect  .   (no cloak)
rCorr    .         Harm     .   (no gloves)
MR       .....                  (no barding)
Stlth    ..........             (no amulet)
HPRegen  0.08/turn              (no ring)
MPRegen  0.08/turn              (no ring)

@: very quick
A: large, hooves 3, deformed body, speed 2, tough skin 3
a: no special abilities


You were on level 1 of the Dungeon.
You were not hungry.

You visited 1 branch of the dungeon, and saw 1 of its levels.

You collected 27 gold pieces.

Inventory:

Hand Weapons
 a - a +0 trident (weapon)
Armour
 b - a +0 scale mail (worn)
 c - a +0 kite shield (worn)
Scrolls
 e - a scroll of magic mapping {unknown}
Potions
 d - a potion of might
Comestibles
 f - 2 rations


   Skills:
 - Level 3.0 Fighting
 + Level 3.0 Polearms
 - Level 2.1 Armour
 - Level 2.1 Shields


You had one spell level left.
You didn't know any spells.
Your spell library was empty.

Dungeon Overview and Level Annotations

Branches:
Dungeon (1/15)

Altars:


Innate Abilities, Weirdness & Mutations

You have hooves in place of feet.
Armour fits poorly on your strangely shaped body.
You cover ground very quickly.
You have extremely tough skin. (AC +3)


Message History

* * * LOW HITPOINT WARNING * * *
You barely miss the frilled lizard. You kick the frilled lizard.
The frilled lizard is heavily wounded.
The frilled lizard bites you but does no damage.
Your shield and scale mail prevent you from hitting the frilled lizard.
Your kick misses the frilled lizard.
The frilled lizard is heavily wounded.
You block the frilled lizard's attack.
You closely miss the frilled lizard. Your kick misses the frilled lizard.
The frilled lizard is heavily wounded.
You block the frilled lizard's attack.
You closely miss the frilled lizard. Your kick misses the frilled lizard.
The frilled lizard is heavily wounded.
The frilled lizard bites you.
* * * LOW HITPOINT WARNING * * *
You puncture the frilled lizard!
You kill the frilled lizard!
Your Polearms skill increases to level 3!
The hobgoblin hits you with a +0 club.
You die...

#!... #......# #.#
#.... ......# #.#
#..... .....# #.#
#..... ### #...# #.#
....# ##..###...# #.#
...##).#..##...####..
#!#.###...+...'....#
#g#.#..# #...##.###
##@#.#.###...##....
#.$##........#######
.....
##.#####.##≈≈≈≈≈
#.#.#. ...# #.#≈≈....
.. #...#.###
#.#≈..≈≈≈ # ###+
#.#..≈≈≈≈ #.#.≈≈...
#.+.≈..≈< .+.≈.≈≈.


You could see a hobgoblin.

Vanquished Creatures
  An ooze (D:1)
  2 bats (D:1)
  A giant cockroach (D:1)
  A goblin (D:1)
  A hobgoblin (D:1)
  4 jackals (D:1)
  A kobold (D:1)
  A frilled lizard (D:1)
  2 rats (D:1)
14 creatures vanquished.

Notes
Turn   | Place    | Note
-------+----------+-------------------------------------------
     0 | D:1      | mopl the Centaur Fighter began the quest for the Orb.
     0 | D:1      | Reached XP level 1. HP: 19/19 MP: 1/1
   130 | D:1      | Reached skill level 2 in Polearms
   266 | D:1      | Reached XP level 2. HP: 24/26 MP: 2/2
   308 | D:1      | Reached skill level 3 in Polearms
   308 | D:1      | Slain by a hobgoblin

Levels and vault maps discovered:
D:1:      psy_arrival_whirlpool, layout_basic, minmay_pentomino_r4

Skill      XL: |  1  2 |
---------------+-------+-----
Polearms       | 2 3 |  3.0
Fighting       | |  3.0
Armour         | |  2.1
Shields        | |  2.1

Action                   || total
-------------------------++-------
Melee: Trident           ||    59
       Kick              ||     5
Armor: Scale mail        ||    37
Dodge: Dodged            ||    10
Block: Kite shield       ||    21

Table legend:
 A = Non-vault XP
 B = Vault XP
 C = Vault XP percentage of total XP
 D = Non-vault monster count
 E = Vault monster count
 F = Vault count percentage of total count
                 A         B        C        D         E       F
            +---------+---------+-------+---------+---------+-------
      Total |      21 |       9 |  30.0 |      12 |       2 |  14.3
            +---------+---------+-------+---------+---------+-------
        D:1 |      21 |       9 |  30.0 |      12 |       2 |  14.3
            +---------+---------+-------+---------+---------+-------
